 Dungeon Crawl Stone Soup version 0.30.1-3-gfc49f6343a (webtiles) character file.

Game seed: 2057769349503327347

1514 hurricos the Spear-Bearer (level 9, 0/60 (66) HPs)
             Began as a Formicid Fighter on July 27, 2023.
             Was an Initiate of Cheibriados.
             Slain by a wight
             ... wielding a +4 scimitar
              (3 damage)
             ... on level 7 of the Dungeon.
             The game lasted 00:06:42 (6714 turns).

hurricos the Spear-Bearer (Formicid Fighter)        Turns: 6714, Time: 00:06:43

HP:   0/60 (66)     AC:  9    Str: 21    XL:     9   Next: 9%
MP:   9/9           EV:  9    Int: 12    God:    Cheibriados [......]
Gold: 268           SH:  5    Dex: 16    Spells: 2/8 levels left

rFire   . . .        a - +1 trident
rCold   . . .        c - +0 buckler
rNeg    . . .        b - +0 scale mail
rPois   .            (helmet unavailable)
rElec   .            (no cloak)
rCorr   .            m - +1 pair of gloves
SInv    +            (no boots)
Will    +....        (no amulet) Stlth
                     d - ring of willpower
HPRegen 0.30/turn    (no ring)
MPRegen 0.11/turn

%: no passive effects
@: drained, very slow
A: permanent stasis, dig shafts and tunnels, antennae 3, four strong arms
a: Dig, Shaft Self, Renounce Religion


You were on level 7 of the Dungeon.
You worshipped Cheibriados.
Cheibriados was noncommittal.
You visited 2 branches of the dungeon, and saw 8 of its levels.

You collected 268 gold pieces.

Inventory:

Hand Weapons
 a - a +1 trident (weapon)
Missiles
 i - 5 curare-tipped darts
Armour
 b - a +0 scale mail (worn)
 c - a +0 buckler (worn)
 m - a +1 pair of gloves (worn)
Jewellery
 d - a ring of willpower (left hand)
Wands
 q - a wand of polymorph (6)
 u - a wand of digging (3)
Scrolls
 e - 3 scrolls of amnesia
 f - a scroll of enchant weapon
 g - a scroll of poison
 h - a scroll of enchant armour
 l - a scroll of fear {unknown}
 n - 4 scrolls of identify
 t - a scroll of immolation {unknown}
 v - 2 scrolls of fog
Potions
 j - 2 potions of attraction {unknown}
 k - 2 potions of brilliance {unknown}
 o - a potion of berserk rage {unknown}
 p - a potion of mutation {unknown}
 r - a potion of haste {unknown}
 s - 2 potions of flight {unknown}
 x - 2 potions of heal wounds {unknown}


   Skills:
 - Level 4.4 Fighting
 + Level 9.3 Polearms
 - Level 4.2 Armour
 - Level 5.2 Shields
 - Level 4.3 Poison Magic


You had 2 spell levels left.
You knew the following spells:

 Your Spells              Type           Power      Damage    Failure   Level
a - Poisonous Vapours     Pois/Air       10%        N/A       54%         2
o - Olgreb's Toxic Radia  Pois           10%        N/A       87%         4

Your spell library contained the following spells:

 Spells                   Type           Power      Damage    Failure   Level
 Sting                    Tmut/Pois      20%        1d4       41%         1
 Ensorcelled Hibernation  Hex/Ice        0%         N/A       85%         2
 Passwall                 Tmut/Erth      0%         N/A       85%         2
 Mephitic Cloud           Conj/Pois/Air  3%         N/A       87%         3
 Freezing Cloud           Conj/Ice/Air   0%         6-21      100%        5
 Swiftness                Air            Unusable   N/A       N/A         3

Dungeon Overview and Level Annotations

Branches:
Dungeon (7/15)             Temple (1/1) D:6

Altars:
Ashenzari
Cheibriados
Dithmenos
Elyvilon
Fedhas
Gozag
Kikubaaqudgha
Makhleb
Nemelex Xobeh
Okawaru
Ru
Sif Muna
Trog
Uskayaw
Vehumet
Wu Jian
Xom
Yredelemnul
The Shining One

Shops:
D:2 [


Innate Abilities, Weirdness & Mutations

You cannot be hasted, slowed, berserked, paralysed or teleported.
You can dig through walls and to a lower floor.
You have a pair of large antennae on your head. (SInv)
Your four strong arms can wield two-handed weapons with a shield.


Message History

The wight is heavily damaged.
You block the wight's attack.
You barely miss the wight.
The wight is heavily damaged.
The wight hits you with a +4 scimitar!
You feel drained.
You are too injured to fight recklessly!
You are too injured to fight recklessly!
You are too injured to fight recklessly!
You are too injured to fight recklessly!
You are too injured to fight recklessly!
You are too injured to fight recklessly!
You closely miss the wight.
The wight is heavily damaged.
The wight hits you with a +4 scimitar!
* * * LOW HITPOINT WARNING * * *
You feel drained.
* * * LOW HITPOINT WARNING * * *
You hit the wight.
The wight is severely damaged.
The wight hits you with a +4 scimitar!
* * * LOW HITPOINT WARNING * * *
You hit the wight but do no damage.
The wight is severely damaged.
You feel better. The wight closely misses you.
Okay, then.
Okay, then.
You hit the wight but do no damage.
The wight is severely damaged.
The wight hits you with a +4 scimitar!
* * * LOW HITPOINT WARNING * * *
You hit the wight.
The wight is severely damaged.
The wight barely misses you.
You closely miss the wight.
The wight is severely damaged.
The wight hits you but does no damage.
You closely miss the wight.
The wight is severely damaged.
The wight hits you with a +4 scimitar.
You die...

#.....+..................#.....#.
#.....#..................#.._..#.
#.....#........)...###+..#.....#.
#.....#####...##...##..#.#.###.#.
#...##.......#.........
..............#.#######.
...............#.........
.##...##...#####........# ##+#
#@..#.....#+##...
#....z>..#.....'..# ..
+.........#.....#..#
###+#######.....#..#
.........##..# .........# ...
.........# ...# .......†.# ...#
.........# .###


You could see a wight.

Vanquished Creatures
  A black bear (D:6)
  A sky beast (D:6)
  2 phantoms
  A bullfrog (D:7)
  5 scorpions
  2 wights (D:7)
  6 hounds
  A jelly (D:4)
  2 orc priests
  A sleepcap (D:6)
  A gnoll bouda (D:6)
  2 orc wizards
  5 iguanas
  Ijyb (D:3)
  4 gnolls
  8 adders
  An ufetubus (D:4)
  2 worms
  A dart slug (D:3)
  8 orcs
  8 endoplasms
  7 goblins
  5 hobgoblins
  8 kobolds
  3 quokkas
  9 ball pythons
  3 bats (D:2)
  3 frilled lizards
  5 rats
106 creatures vanquished.

Notes
Turn   | Place    | Note
-------+----------+-------------------------------------------
     0 | D:1      | hurricos the Formicid Fighter began the quest for the Orb.
     0 | D:1      | Reached XP level 1. HP: 18/18 MP: 1/1
   209 | D:1      | Reached XP level 2. HP: 23/24 MP: 2/2
   231 | D:1      | Reached skill level 1 in Poison Magic
   828 | D:2      | Reached XP level 3. HP: 29/29 MP: 3/3
   973 | D:2      | Found Mualyown's Antique Armour Boutique.
  1362 | D:2      | Found a faded altar of an unknown god.
  1377 | D:2      | Reached XP level 4. HP: 27/37 MP: 4/4
  1655 | D:3      | Noticed a scorpion
  1686 | D:2      | Killed a scorpion
  1687 | D:2      | Reached XP level 5. HP: 16/42 MP: 5/5
  1868 | D:3      | Found a broken altar of Ashenzari.
  2165 | D:3      | Found an opulent altar of Gozag.
  2238 | D:3      | Noticed Ijyb
  2290 | D:3      | Killed Ijyb
  2771 | D:3      | Found a radiant altar of Vehumet.
  2936 | D:3      | Reached skill level 5 in Shields
  3290 | D:4      | Noticed a phantom
  3303 | D:4      | Killed a phantom
  3304 | D:4      | Reached skill level 3 in Polearms
  3304 | D:4      | Reached XP level 6. HP: 46/49 MP: 6/6
  3460 | D:4      | Learned a level 2 spell: Poisonous Vapours
  3659 | D:4      | Reached skill level 4 in Polearms
  3659 | D:4      | Reached XP level 7. HP: 55/55 MP: 7/7
  3990 | D:5      | Entered Level 5 of the Dungeon
  4051 | D:5      | Reached skill level 5 in Polearms
  4482 | D:4      | Reached skill level 6 in Polearms
  4658 | D:5      | Reached XP level 8. HP: 47/61 MP: 8/8
  4937 | D:5      | Learned a level 4 spell: Olgreb's Toxic Radiance
  5241 | D:6      | Reached skill level 7 in Polearms
  5514 | D:6      | Found a staircase to the Ecumenical Temple.
  5524 | Temple   | Entered the Ecumenical Temple
  5524 | Temple   | Noticed a soul eater
  5524 | Temple   | Noticed a ynoxinul
  5524 | Temple   | Noticed an Ice Fiend
  5525 | Temple   | Noticed Lyumum the pandemonium lord
  5525 | Temple   | Noticed Oseirghai the pandemonium lord
  5527 | Temple   | Noticed Dourap the pandemonium lord
  5528 | Temple   | Noticed an ice devil
  5528 | Temple   | Noticed an orange demon
  5549 | Temple   | Noticed a Brimstone Fiend
  5569 | Temple   | Noticed Cugiar the pandemonium lord
  5570 | Temple   | Noticed a red devil
  5586 | Temple   | Noticed Xonam the pandemonium lord
  5596 | Temple   | Noticed Atro the pandemonium lord
  5597 | Temple   | Noticed a rust devil
  5628 | Temple   | Became a worshipper of Cheibriados the Contemplative
  6138 | D:6      | Reached skill level 8 in Polearms
  6494 | D:7      | Found a burning altar of Makhleb.
  6524 | D:7      | Reached XP level 9. HP: 66/66 MP: 9/9
  6554 | D:7      | Reached skill level 9 in Polearms
  6708 | D:7      | HP: 3/60 [wight/+4 scimitar (11)]
  6714 | D:7      | Slain by a wight

Illustrated notes

Levels and vault maps discovered:
D:1:      psy_arrival_conway, layout_loops_ring
D:2:      layout_loops_ring, serial_shops, nicolae_shop_waterfront,
          hellmonk_ecumenical_altar_zigzags, dk_noncrumbling_2,
          minmay_misc_feat_secret_circle, hangedman_decor_slide_cut
D:3:      layout_loops_corners, mainiacjoe_overflow_paths,
          nicolae_overflow_hidden_temple, patterned_corridor, uniq_ijyb
D:4:      layout_basic, dk_noncrumbling_4, minivault_4
D:5:      layout_basic, chequers_ossuary_entry_cave
D:6:      layout_cave_pods, minmay_temple_entry_offerings
D:7:      layout_gridville, mainiacjoe_overflow_cross_hatched
Temple:   nicolae_temple_panitentiary

Skill      XL: |  1  2  3  4  5  6  7  8  9 |
---------------+----------------------------+-----
Poison Magic   | 1 2 3 4 |  4.3
Fighting       | 4 |  4.4
Armour         | 4 |  4.2
Shields        | 5 |  5.2
Polearms       | 3 4 6 8 9 |  9.3

Action                     |  1- 3 |  4- 6 |  7- 9 || total
---------------------------+-------+-------+-------++-------
  Melee: Trident           |    85 |   155 |   264 ||   504
         Unarmed           |       |    12 |       ||    12
Ability: Dig               |       |       |     3 ||     3
    Use: Scroll            |       |       |     7 ||     7
         Potion            |       |       |     7 ||     7
 Armour: Scale mail        |    22 |    56 |   116 ||   194
         Skin              |       |     1 |       ||     1
  Dodge: Dodged            |    30 |    67 |    89 ||   186
  Block: Buckler           |    18 |    42 |    69 ||   129
